 Dungeon Sprint DCSS version 0.30-a0-210-g01b79a254e (webtiles) character file.

Game seed: 6390114917104477242

2088 rocky1 the Thaumaturge (level 9, -5/76 HPs)
             Began as a Gnoll Warper on Oct 5, 2022.
             Was an Initiate of Gozag.
             Slain by a freezing wraith (6 damage)
             ... in the Dungeon (Sprint VII: "The Pits").
             The game lasted 00:09:26 (1292 turns).

rocky1 the Thaumaturge (Gnoll Warper)               Turns: 1292, Time: 00:09:28

Health: -5/76      AC: 14    Str: 19    XL:     9   Next: 27%
Magic:  22/22      EV: 14    Int: 17    God:    Gozag
Gold:   1549       SH:  0    Dex: 12    Spells: 11/26 levels left

rFire   . . .      SeeInvis .    a - +2 morningstar (vorpal)
rCold   . . .      Faith    .    (no shield)
rNeg    . . .      Spirit   .    r - +5 ring mail
rPois   .          Reflect  .    (no helmet)
rElec   .          Harm     .    s - +0 cloak
rCorr   .          Rampage  .    (no gloves)
Will    .....      NoTele   +    t - +0 pair of boots
Stlth   +++.......               (no amulet)
HPRegen 0.32/turn                y - +6 ring of strength
MPRegen 0.18/turn                o - +3 ring of intelligence

@: slowed, very slow
A: fangs 1, strong nose, distributed training
a: Renounce Religion, Potion Petition, Call Merchant, Bribe Branch


You were in the Dungeon.
You worshipped Gozag.
Gozag was most pleased with you.
You visited 1 branch You collected 2340 gold pieces.
You spent 231 gold pieces at shops.
You paid 560 gold pieces to Gozag.

Inventory:

Hand Weapons
 a - a +2 vorpal morningstar (weapon)
 b - a +0 lajatang
 n - a +1 mace of protection
 u - a +2 scimitar of flaming
 v - a +1 vorpal broad axe
Missiles
 d - 6 boomerangs of dispersal
 i - 5 poisoned darts
 m - 2 curare-tipped darts (quivered)
 z - a boomerang
Armour
 r - a +5 ring mail (worn)
 s - a +0 cloak (worn)
 t - a +0 pair of boots (worn)
Jewellery
 j - a +3 ring of evasion
 o - a +3 ring of intelligence (right hand)
 w - a ring of protection from cold
 y - a +6 ring of strength (left hand)
Scrolls
 c - 2 scrolls of blinking
 k - 5 scrolls of amnesia
 l - a scroll of summoning
 x - a scroll of identify {unknown}
Potions
 e - 8 potions of curing
 f - 5 potions of heal wounds
 g - 3 potions of haste
 h - 4 potions of magic
 p - a potion of resistance
 q - a potion of berserk rage


   Skills:
 + Level 9.1 Fighting
 + Level 7.7 Short Blades
 + Level 7.7 Long Blades
 + Level 7.7 Axes
 + Level 9.1 Maces & Flails
 + Level 7.7 Polearms
 + Level 7.7 Staves
 + Level 7.7 Ranged Weapons
 + Level 8.2 Throwing
 + Level 8.2 Armour
 + Level 9.1 Dodging
 + Level 7.7 Stealth
 + Level 7.7 Shields
 + Level 7.7 Unarmed Combat
 + Level 9.3 Spellcasting
 + Level 6.4 Conjurations
 + Level 6.4 Hexes
 + Level 6.4 Summonings
 + Level 6.4 Necromancy
 + Level 8.5 Translocations
 + Level 6.4 Transmutations
 + Level 6.4 Fire Magic
 + Level 6.4 Ice Magic
 + Level 6.4 Air Magic
 + Level 6.4 Earth Magic
 + Level 6.4 Poison Magic
 + Level 8.5 Invocations
 + Level 7.7 Evocations


You had 11 spell levels left.
You knew the following spells:

 Your Spells              Type           Power      Damage    Failure   Level
a - Blink                 Tloc           74%        N/A       1%          2
b - Lesser Beckoning      Tloc           74%        N/A       1%          3
c - Teleport Other        Tloc           37%        N/A       1%          3
d - Vhi's Electric Charg  Tloc/Air       66%        N/A       1%          3
e - Manifold Assault      Tloc           37%        N/A       4%          4

Your spell library contained the following spells:

 Spells                   Type           Power      Damage    Failure   Level


Dungeon Overview and Level Annotations

Branches:
Dungeon (1/1)

Altars:
Ashenzari
Cheibriados
Dithmenos
Elyvilon
Fedhas
Gozag
Hepliaklqana
Kikubaaqudgha
Makhleb
Nemelex Xobeh
Okawaru
Qazlal
Ru
Sif Muna
Trog
Uskayaw
Vehumet
Wu Jian
Xom
Yredelemnul
Zin
The Shining One
Jiyva
Lugonu

Shops:
D *


Innate Abilities, Weirdness & Mutations

You have very sharp teeth.
Your uncanny sense of smell can sniff out nearby items.
Your experience applies equally to all skills.


Message History

The freezing wraith is severely damaged.
The freezing wraith closely misses you. The freezing wraith barely misses you.
You barely miss the freezing wraith.
The freezing wraith is severely damaged.
The freezing wraith completely misses you.
The freezing wraith hits you but does no damage.
The freezing wraith hits you.
* * * LOW HITPOINT WARNING * * *
The freezing wraith freezes you!
* * * LOW HITPOINT WARNING * * *
The freezing wraith hits you but does no damage.
You feel much better. The freezing wraith hits you!
The freezing wraith freezes you!
* * * LOW HITPOINT WARNING * * *
The freezing wraith closely misses you.
Unknown command.
You feel much better.
The freezing wraith hits you but does no damage. x3
The freezing wraith hits you.
Unknown command.
You hit the freezing wraith.
You bite the freezing wraith, but do no damage.
The freezing wraith is almost destroyed.
The freezing wraith hits you but does no damage.
The freezing wraith hits you.
You barely miss the freezing wraith.
You bite the freezing wraith, but do no damage.
The freezing wraith is almost destroyed.
The freezing wraith closely misses you. The freezing wraith misses you.
The freezing wraith hits you but does no damage.
The freezing wraith barely misses you.
You hit the freezing wraith.
The freezing wraith is almost destroyed.
The freezing wraith hits you.
* * * LOW HITPOINT WARNING * * *
The freezing wraith freezes you!!
* * * LOW HITPOINT WARNING * * *
The freezing wraith hits you.
You die...
Your body crumbles into a pile of gold.

[.##.......##..##
..##.......##..#
####.......##..#
..###########..+
.############..#
)#....#..[.##.)#
)#))..#...[##..##
.).)..'....##...##
'#))..#...)##...@#
.#....#...)##....W.#
####################


You could see a freezing wraith.

Vanquished Creatures
  A flayed ghost (D)
  A molten gargoyle (D)
  A kobold demonologist (D)
  A small abomination (D)
  A floating eye (D)
  An ice beast (D)
  An orc warrior (D)
  A phantom (D)
  3 kobold brigands (D)
  A bullfrog (D)
  2 scorpions (D)
  A hound (D)
  An orc priest (D)
  A jelly (D)
  An iron imp (D)
  An orc wizard (D)
  A gnoll (D)
  An adder (D)
  An adder zombie (D)
  2 orcs (D)
  A ball python (D)
  An endoplasm (D)
  2 giant cockroaches (D)
  2 hobgoblins (D)
  2 jackals (D)
  6 kobolds (D)
  2 quokkas (D)
  A frilled lizard (D)
41 creatures vanquished.

Notes
Turn   | Place    | Note
-------+----------+-------------------------------------------
     0 | D        | rocky1 the Gnoll Warper began the quest for the Orb.
     0 | D        | Reached XP level 1. HP: 20/20 MP: 6/6
    44 | D        | Found a bloodstained altar of Trog.
    44 | D        | Found a shimmering blue altar of Sif Muna.
    44 | D        | Found a viscous altar of Jiyva.
    44 | D        | Found a hazy altar of Hepliaklqana.
    44 | D        | Found an opulent altar of Gozag.
    45 | D        | Found a glowing golden altar of the Shining One.
    45 | D        | Found a glowing silver altar of Zin.
    45 | D        | Found a basalt altar of Yredelemnul.
    45 | D        | Found a shimmering altar of Xom.
    45 | D        | Found an ornate altar of the Wu Jian Council.
    45 | D        | Found a sacrificial altar of Ru.
    45 | D        | Found a stormy altar of Qazlal.
    45 | D        | Found an iron altar of Okawaru.
    45 | D        | Found a sparkling altar of Nemelex Xobeh.
    45 | D        | Found a burning altar of Makhleb.
    45 | D        | Found a blossoming altar of Fedhas.
    45 | D        | Found a white marble altar of Elyvilon.
    45 | D        | Found a shadowy altar of Dithmenos.
    45 | D        | Found a snail-covered altar of Cheibriados.
    48 | D        | Found a corrupted altar of Lugonu.
    48 | D        | Found a radiant altar of Vehumet.
    49 | D        | Found an ancient bone altar of Kikubaaqudgha.
    49 | D        | Found a hide-covered altar of Uskayaw.
    49 | D        | Found a broken altar of Ashenzari.
    52 | D        | Became a worshipper of Gozag Ym Sagoz the Greedy
    65 | D        | Noticed a scorpion
    69 | D        | Killed a scorpion
    70 | D        | Reached skill level 5 in Fighting
    70 | D        | Reached skill level 5 in Maces & Flails
    70 | D        | Reached skill level 5 in Dodging
    70 | D        | Reached skill level 5 in Spellcasting
    70 | D        | Reached XP level 2. HP: 27/27 MP: 6/8
    70 | D        | Reached XP level 3. HP: 33/33 MP: 7/10
    70 | D        | Reached XP level 4. HP: 39/39 MP: 7/11
    99 | D        | Noticed a floating eye
   102 | D        | Killed a floating eye
   103 | D        | Reached XP level 5. HP: 46/46 MP: 11/13
   399 | D        | Learned a level 2 spell: Blink
   403 | D        | Learned a level 3 spell: Lesser Beckoning
   407 | D        | Learned a level 3 spell: Teleport Other
   411 | D        | Learned a level 3 spell: Vhi's Electric Charge
   416 | D        | Learned a level 4 spell: Manifold Assault
   459 | D        | Reached skill level 5 in Throwing
   459 | D        | Reached skill level 5 in Armour
   504 | D        | Noticed an ice beast
   540 | D        | Killed an ice beast
   541 | D        | Reached skill level 5 in Invocations
   541 | D        | Reached XP level 6. HP: 32/53 MP: 15/15
   636 | D        | Reached skill level 5 in Short Blades
   636 | D        | Reached skill level 5 in Long Blades
   636 | D        | Reached skill level 5 in Axes
   636 | D        | Reached skill level 5 in Polearms
   636 | D        | Reached skill level 5 in Staves
   636 | D        | Reached skill level 5 in Ranged Weapons
   636 | D        | Reached skill level 5 in Stealth
   636 | D        | Reached skill level 5 in Shields
   636 | D        | Reached skill level 5 in Unarmed Combat
   636 | D        | Reached skill level 5 in Evocations
   686 | D        | Noticed a flayed ghost
   696 | D        | Killed a flayed ghost
   697 | D        | Reached skill level 5 in Conjurations
   697 | D        | Reached skill level 5 in Hexes
   697 | D        | Reached skill level 5 in Summonings
   697 | D        | Reached skill level 5 in Necromancy
   697 | D        | Reached skill level 5 in Transmutations
   697 | D        | Reached skill level 5 in Fire Magic
   697 | D        | Reached skill level 5 in Ice Magic
   697 | D        | Reached skill level 5 in Air Magic
   697 | D        | Reached skill level 5 in Earth Magic
   697 | D        | Reached skill level 5 in Poison Magic
   697 | D        | Reached XP level 7. HP: 61/61 MP: 16/18
   720 | D        | Reached XP level 8. HP: 66/68 MP: 20/20
   804 | D        | Noticed a kobold demonologist
   832 | D        | Noticed an orange demon
   844 | D        | Noticed a sun demon
   854 | D        | Killed a kobold demonologist
  1026 | D        | Bought a small glass ring for 105 gold pieces
  1026 | D        | Bought a scroll labelled GINTOO DIOROIPNU for 21 gold
                  | pieces
  1026 | D        | Bought a copper ring for 105 gold pieces
  1064 | D        | Reached XP level 9. HP: 31/75 MP: 20/22
  1263 | D        | Noticed a molten gargoyle
  1274 | D        | Killed a molten gargoyle
  1277 | D        | Noticed a freezing wraith
  1292 | D        | HP: 1/76 [freezing wraith (20)]
  1292 | D        | Slain by a freezing wraith

Illustrated notes

Levels and vault maps discovered:
D:        pitsprint [storerooms_1, entrance_room_1, metal_vault_6, armoury_3,
          mini_pit_1, grid_room_1, main_hall_1, silver_pit, the_coven_3,
          the_vestibule_1, steel_vault_4, golden_pit, hallway_of_sentries,
          crystal_vault_6, iron_vault_2, final_vault]

Skill      XL: |  1  2  3  4  5  6  7  8  9 |
---------------+----------------------------+-----
Fighting       | 5 6 7 8 9 |  9.1
Short Blades   | 2 3 4 6 7 |  7.7
Long Blades    | 2 3 4 6 7 |  7.7
Axes           | 2 3 4 6 7 |  7.7
Maces & Flails | 5 6 7 8 9 |  9.1
Polearms       | 2 3 4 6 7 |  7.7
Staves         | 2 3 4 6 7 |  7.7
Ranged Weapons | 2 3 4 6 7 |  7.7
Throwing       | 3 4 5 6 7 8 |  8.2
Armour         | 3 4 5 6 7 8 |  8.2
Dodging        | 5 6 7 8 9 |  9.1
Stealth        | 2 3 4 6 7 |  7.7
Shields        | 2 3 4 6 7 |  7.7
Unarmed Combat | 2 3 4 6 7 |  7.7
Spellcasting   | 5 6 8 9 |  9.3
Conjurations   | 2 3 5 6 |  6.4
Hexes          | 2 3 5 6 |  6.4
Summonings     | 2 3 5 6 |  6.4
Necromancy     | 2 3 5 6 |  6.4
Transmutations | 2 3 5 6 |  6.4
Fire Magic     | 2 3 5 6 |  6.4
Ice Magic      | 2 3 5 6 |  6.4
Air Magic      | 2 3 5 6 |  6.4
Earth Magic    | 2 3 5 6 |  6.4
Poison Magic   | 2 3 5 6 |  6.4
Invocations    | 2 4 5 6 7 8 |  8.5
Evocations     | 2 3 4 6 7 |  7.7
Translocations | 6 7 8 |  8.5

Action                   |  1- 3 |  4- 6 |  7- 9 || total
-------------------------+-------+-------+-------++-------
Melee: Mace              |     5 |    88 |   103 ||   196
       Bite              |     1 |    10 |    19 ||    30
       Punch             |       |       |     9 ||     9
       Morningstar       |       |       |    39 ||    39
Throw: Boomerang         |     1 |       |       ||     1
       Dart              |       |       |     1 ||     1
Invok: Call Merchant     |       |       |     1 ||     1
  Use: Potion            |     1 |     3 |     6 ||    10
 Stab: Distracted        |       |     1 |     2 ||     3
       Sleeping          |       |     1 |       ||     1
       Invisible         |       |       |    16 ||    16
Armor: Leather armour    |     2 |    10 |       ||    12
       Chain mail        |       |    25 |    79 ||   104
       Ring mail         |       |       |    19 ||    19
Dodge: Dodged            |     1 |    47 |   107 ||   155

Table legend: (Time is in decaauts)
 A = Elapsed time spent in this place.
 B = Non-inter-level travel time spent in this place.
 C = Inter-level travel time spent in this place.
 D = Time resting spent in this place.
 E = Time spent auto-exploring this place.
 F = Levels seen in this place.
 G = Mean time per level.
                   A        B        C        D        E       F      G
               +--------+--------+--------+--------+--------+-----+--------+
         Total |   1332 |   1271 |     61 |    580 |      0 |   1 | 1332.0 |
       Dungeon |   1332 |   1271 |     61 |    580 |      0 |   1 | 1332.0 |
               +--------+--------+--------+--------+--------+-----+--------+

Top non-repeatable levels by time:
       D: 1332 daAuts
